 Dungeon Crawl Stone Soup version 0.30.1-11-g7821555f0a (webtiles) character file.

Game seed: 11906944886655893791

3439 monsoonserge the Grappler (level 9, -1/89 HPs)
             Began as a Troll Fighter on Nov 18, 2023.
             Was a Follower of Wu Jian.
             Slain by a wyvern (4 damage)
             ... while petrified by a basilisk
             ... on level 8 of the Dungeon.
             The game lasted 00:14:01 (5539 turns).

monsoonserge the Grappler (Troll Fighter)           Turns: 5539, Time: 00:14:03

Health: -1/89      AC:  6    Str: 26    XL:     9   Next: 77%
Magic:  8/8        EV:  1    Int:  8    God:    Wu Jian [*.....]
Gold:   358        SH:  0    Dex: 15    Spells: 8/8 levels left

rFire   . .          .
                       - Unarmed
rCold   . . .        b - +0 kite shield
rNeg    + + +        E - +0 troll leather armour
rPois   ∞            (helmet restricted)
rElec   .            (no cloak)
rCorr   .            (gloves unavailable)
SInv    +            (boots unavailable)
Will    .....        q - amulet of reflection
Stlth   +            h - ring of see invisible
HPRegen 1.94/turn    w - +6 ring of dexterity
MPRegen 0.11/turn

%: reflection
@: petrified
A: large, unfitting armour, claws 3, regeneration 1, shaggy fur 1, tough skin 1
a: Renounce Religion


You were on level 8 of the Dungeon.
You worshipped Wu Jian.
Wu Jian was aware of your devotion.
You visited 2 branches of the dungeon, and saw 9 of its levels.

You collected 358 gold pieces.

Inventory:

Missiles
 f - 3 curare-tipped darts
 s - 24 poisoned darts (quivered)
 u - 4 boomerangs
 v - 4 atropa-tipped darts
Armour
 a - a +0 robe
 b - a +0 kite shield (worn)
 c - a +0 robe of fire resistance
 B - a +0 cloak
 C - +0 steam dragon scales
 E - a +0 troll leather armour (worn)
Jewellery
 h - a ring of see invisible (left claw)
 q - an amulet of reflection (around neck)
 w - a +6 ring of dexterity (right claw)
Wands
 j - a wand of iceblast (7)
 y - a wand of polymorph (8)
 D - a wand of flame (22)
Scrolls
 g - 2 scrolls of immolation {unknown}
 l - 2 scrolls of enchant weapon {unknown}
 n - 2 scrolls of butterflies {unknown}
 p - a scroll of enchant armour {unknown}
 r - a scroll of amnesia {unknown}
 z - a scroll of torment {unknown}
 A - a scroll of teleportation {unknown}
Potions
 d - 4 potions of heal wounds {unknown}
 e - 3 potions of mutation
 i - 2 potions of brilliance
 k - a potion of invisibility
 m - a potion of berserk rage
 o - a potion of magic
 t - 2 potions of cancellation
 x - 3 potions of curing {unknown}
 F - a potion of attraction {unknown}


   Skills:
 + Level 6.2 Fighting
 - Level 2.7 Dodging
 + Level 6.9 Shields
 * Level 10.0 Unarmed Combat
 - Level 1.0 Evocations


You had 8 spell levels left.
You didn't know any spells.
Your spell library contained the following spells:

 Spells                   Type           Power      Damage    Failure   Level
 Dragon Form              Tmut           0%         N/A       100%        7
 Maxwell's Capacitive Co  Air            0%         ∞         100%        8


Dungeon Overview and Level Annotations

Branches:
Dungeon (8/15)             Temple (1/1) D:5
   Lair: D:8-11

Altars:
Ashenzari
Cheibriados
Dithmenos
Elyvilon
Fedhas
Gozag
Hepliaklqana
Nemelex Xobeh
Okawaru
Qazlal
Sif Muna
Trog
Uskayaw
Vehumet
Wu Jian
Yredelemnul
Zin

Shops:
D:1 :   D:6 =

Annotations:
D:3 dig for gold


Innate Abilities, Weirdness & Mutations

You are too large for most types of armour.
You have claws for hands.
Your natural rate of healing is unusually fast.
You are covered in fur. (AC +1)
You have tough skin. (AC +1)


Message History

An orc priest comes into view. It is wielding a +0 short sword.
The elephant tramples you.
You hold your ground!
The elephant trunk-slaps you but does no damage.
The basilisk bites you! The hornet stings you. The wyvern bites you.
The orc priest invokes the aid of Beogh against you.
Beogh smites you! The hornet stings you. The wyvern bites you!
The elephant tramples you but does no damage.
The elephant trunk-slaps you. The basilisk gazes at you.
You resist with some effort.
The orc priest mumbles some strange prayers to Beogh against you.
Beogh smites you!
The hornet stings you but does no damage.
The wyvern bites you.
The orc priest looks satisfied for a moment.
The elephant tramples you!
* * * LOW HITPOINT WARNING * * *
You are shoved backwards!
A wight comes into view. It is wielding a +0 falchion.
The orc priest calls down the wrath of Beogh upon you.
Beogh smites you!
* * * LOW HITPOINT WARNING * * *
The black bear bites you.
* * * LOW HITPOINT WARNING * * *
The black bear claws you.
* * * LOW HITPOINT WARNING * * *
The black bear claws you but does no damage.
The hornet stings you.
* * * LOW HITPOINT WARNING * * *
The wyvern bites you!
* * * LOW HITPOINT WARNING * * *
The hornet stings you!
* * * LOW HITPOINT WARNING * * *
The wyvern bites you but does no damage.
A wight comes into view. It is wielding a +1 great sword.
The elephant tramples you!
* * * LOW HITPOINT WARNING * * *
You are shoved backwards!
The wyvern bites you!
You die...

..................
...............z..
.............o....
.........o)....z..
........o.........
........l.o.......
.......oo.oo..$...
.......hYly.......
........@oz.......
..................
..................
..................
.##.###.###..##.#
#. #.# ..# .# #
..# ... #. ###


You could see an elephant, a basilisk, a hornet, a black bear, a wyvern, 3
wights, 3 orc priests and 6 orcs.

Vanquished Creatures
  Pikel (D:7)
  Maggie (D:7)
  A troll (D:7)
  A steam dragon (D:7)
  Duvessa (D:6)
  2 water moccasins
  A sky beast (D:6)
  A black bear (D:4)
  An ogre (D:6)
  A centaur (D:7)
  2 phantoms
  A kobold brigand (D:6)
  2 bullfrogs
  4 scorpions
  5 wights
  Dowan (D:6)
  2 howler monkeys
  2 hounds
  3 orc priests
  An iron imp (D:7)
  Jessica (D:3)
  Terence (D:3)
  4 iguanas
  6 orc wizards
  3 gnolls (D:4)
  9 adders
  A white imp (D:7)
  An ufetubus (D:5)
  3 worms
  2 dart slugs (D:5)
  16 orcs
  4 ball pythons
  4 bats
  8 endoplasms
  5 giant cockroaches
  7 goblins
  12 hobgoblins
  7 jackals (D:1)
  12 kobolds
  2 quokkas
  4 frilled lizards
  7 rats
153 creatures vanquished.

Notes
Turn   | Place    | Note
-------+----------+-------------------------------------------
     0 | D:1      | monsoonserge the Troll Fighter began the quest for the Orb.
     0 | D:1      | Reached XP level 1. HP: 22/22 MP: 0/0
   236 | D:1      | Reached XP level 2. HP: 29/29 MP: 1/1
   424 | D:1      | Found a faded altar of an unknown god.
   528 | D:1      | Reached XP level 3. HP: 36/36 MP: 2/2
   700 | D:1      | Found Ugeir's Book Boutique.
  1176 | D:2      | Reached skill level 3 in Unarmed Combat
  1491 | D:2      | Reached XP level 4. HP: 42/44 MP: 3/3
  1823 | D:3      | Noticed Jessica
  1834 | D:3      | Killed Jessica
  1993 | D:3      | Reached XP level 5. HP: 48/53 MP: 4/4
  2238 | D:3      | Noticed Terence
  2243 | D:3      | Found a glowing silver altar of Zin.
  2249 | D:3      | Killed Terence
  2250 | D:3      | Reached skill level 4 in Unarmed Combat
  2434 | D:3      | Found a blossoming altar of Fedhas.
  2451 | D:3      | Found a bloodstained altar of Trog.
  2709 | D:4      | Noticed a black bear
  2716 | D:4      | Killed a black bear
  2717 | D:4      | Reached XP level 6. HP: 61/61 MP: 5/5
  2874 | D:4      | Reached skill level 5 in Unarmed Combat
  2931 | D:4      | Got the Anthology of Atmospheric Shapeshifting
  2964 | D:4      | Reached XP level 7. HP: 67/68 MP: 6/6
  3107 | D:5      | Entered Level 5 of the Dungeon
  3168 | D:4      | Reached skill level 6 in Unarmed Combat
  3325 | D:5      | Found a staircase to the Ecumenical Temple.
  3377 | Temple   | Entered the Ecumenical Temple
  3408 | Temple   | Became a worshipper of the Wu Jian Council
  3624 | D:5      | Reached XP level 8. HP: 70/79 MP: 7/7
  3628 | D:5      | Reached skill level 5 in Shields
  3712 | D:5      | Reached skill level 7 in Unarmed Combat
  4190 | D:6      | Found Caen's Jewellery Boutique.
  4346 | D:6      | Reached skill level 5 in Fighting
  4353 | D:6      | Found a radiant altar of Vehumet.
  4404 | D:6      | Found a white marble altar of Elyvilon.
  4459 | D:6      | Reached skill level 8 in Unarmed Combat
  4693 | D:6      | Found a hazy altar of Hepliaklqana.
  4825 | D:7      | Noticed Duvessa
  4833 | D:7      | Noticed Dowan
  4848 | D:6      | Killed Duvessa
  4849 | D:6      | Reached skill level 1 in Evocations
  4853 | D:6      | Killed Dowan
  4854 | D:6      | Reached XP level 9. HP: 64/88 MP: 8/8
  4863 | D:7      | Noticed Maggie
  4874 | D:7      | Killed Maggie
  4918 | D:7      | Found an iron altar of Okawaru.
  4933 | D:7      | Noticed a troll
  4978 | D:7      | Noticed Pikel
  4989 | D:7      | Killed Pikel
  4990 | D:7      | Reached skill level 9 in Unarmed Combat
  5007 | D:7      | Found a snail-covered altar of Cheibriados.
  5019 | D:7      | Reached * piety under Wu Jian
  5395 | D:7      | Killed a troll
  5396 | D:7      | Reached skill level 10 in Unarmed Combat
  5528 | D:8      | Noticed an elephant
  5539 | D:8      | HP: 3/89 [elephant (5)]
  5539 | D:8      | Slain by a wyvern

Illustrated notes

Levels and vault maps discovered:
D:1:      dpeg_arrival_solitude, layout_basic, ebering_ecumenical_altar_hall,
          serial_shops, nicolae_shop_peninsula, nrook_loot_triangle
D:2:      cheibrodos_old_hovel, layout_basic
D:3:      layout_loops_ring, zin_treasury, mainiacjoe_overflow_swirl,
          st_stairs_14, chequers_serial_rivers_small_3, uniq_jessica,
          uniq_terence
D:4:      layout_cave_pools, minmay_a_box_with_orc_wizards_in_it
D:5:      layout_cave_pods, temple_doors_e, hangedman_decor_push,
          minmay_misc_feat_secret_circle
D:6:      layout_gridville, mainiacjoe_overflow_24_doors,
          mainiacjoe_overflow_catwalk, elyvilon_altar_4, serial_shops,
          nicolae_shop_gaudy_bauble
D:7:      layout_rooms, lemuel_doored_altar, slow_altar_1, uniq_duvessa,
          uniq_maggie, uniq_pikel
D:8:      layout_basic, david_lair_generic, minmay_the_grid_2x2
          [minmay_the_grid_outer_circle, minmay_the_grid_dragon_a,
          minmay_the_grid_large_cup, minmay_the_grid_prize_diamond_cup]
Temple:   hellmonk_temple_of_storms

Skill      XL: |  1  2  3  4  5  6  7  8  9 |
---------------+----------------------------+-----
Shields        | 3 4 5 6 |  6.9
Unarmed Combat | 3 4 5 6 8 10 | 10.0
Fighting       | 3 4 5 6 |  6.2
Evocations     | 1 |  1.0
Dodging        | |  2.7

Action                     |  1- 3 |  4- 6 |  7- 9 || total
---------------------------+-------+-------+-------++-------
  Melee: Unarmed           |   127 |   148 |   176 ||   451
  Throw: Dart              |       |       |     5 ||     5
Ability: Lunge             |       |       |    18 ||    18
    Use: Scroll            |       |       |     5 ||     5
         Potion            |       |       |     1 ||     1
   Stab: Sleeping          |       |       |     4 ||     4
 Armour: Robe              |    37 |    39 |    10 ||    86
         Steam dragon scal |       |       |     7 ||     7
         Troll leather arm |       |       |     6 ||     6
  Dodge: Dodged            |    39 |    37 |    37 ||   113
  Block: Kite shield       |    35 |    79 |   105 ||   219
         Reflection        |       |     2 |     3 ||     5
